 Dungeon Sprint DCSS version 0.27.1-1-g398f81649c (webtiles) character file.

Game seed: 7443824521903216752

2672 styxcanada the Imperceptible (level 9, -1/50 HPs)
             Began as a Spriggan Brigand on Sept 5, 2021.
             Was an Initiate of Gozag.
             Slain by an orc knight (9 damage)
             ... in the Dungeon (Sprint VII: "The Pits").
             The game lasted 00:11:54 (1990 turns).

styxcanada the Imperceptible (Spriggan Brigand)     Turns: 1990, Time: 00:11:55

Health: -1/50      AC:  3    Str: 10    XL:     9   Next: 37%
Magic:  10/10      EV: 30    Int: 13    God:    Gozag
Gold:   1503       SH:  0    Dex: 19    Spells: 8/8 levels left

rFire    . . .     SeeInvis +   x - +2 rapier (elec)
rCold    . . .     Faith    .   (shield restricted)
rNeg     . . .     Spirit   .   b - +0 robe
rPois    .         Reflect  .   (helmet restricted)
rElec    .         Harm     .   c - +0 cloak
rCorr    .         Rampage  .   (gloves unavailable)
Will     +....     NoTele   +   (boots unavailable)
Stlth    ++++++++..             (no amulet)
HPRegen  0.16/turn              r - +3 ring of strength
MPRegen  0.12/turn              s - +3 ring of evasion

@: very quick
A: very small, no large weapons, unfitting armour, see invisible, speed 3
a: Renounce Religion, Potion Petition, Call Merchant, Bribe Branch


You were in the Dungeon.
You worshipped Gozag.
Gozag was most pleased with you.
You visited 1 branch You collected 1503 gold pieces.

Inventory:

Hand Weapons
 a - a +2 dagger
 n - a +2 dagger of draining
 o - a +2 long sword of holy wrath
 w - a +2 scimitar of flaming
 x - a +2 rapier of electrocution (weapon)
Missiles
 d - a poisoned dart (quivered)
 e - 2 curare-tipped darts
 m - 10 stones
 q - 2 boomerangs
Armour
 b - a +0 robe (worn)
 c - a +0 cloak (worn)
Jewellery
 r - a +3 ring of strength (left hand)
 s - a +3 ring of evasion (right hand)
Scrolls
 k - a scroll of blinking
Potions
 f - 7 potions of curing
 g - 4 potions of heal wounds
 h - a potion of haste
 i - 4 potions of magic
 j - 6 potions of berserk rage
 l - a potion of invisibility
 p - a potion of cancellation {unknown}
 t - 2 potions of brilliance
 u - a potion of might
 v - a potion of mutation


   Skills:
 * Level 7.3 Fighting
 + Level 7.5 Short Blades
 + Level 6.1 Throwing
 * Level 12.7 Dodging
 * Level 21.3 Stealth


You had 8 spell levels left.
You didn't know any spells.
Your spell library was empty.

Dungeon Overview and Level Annotations

Branches:
Dungeon (1/1)

Altars:
Ashenzari
Cheibriados
Dithmenos
Elyvilon
Fedhas
Gozag
Hepliaklqana
Kikubaaqudgha
Makhleb
Nemelex Xobeh
Okawaru
Qazlal
Ru
Sif Muna
Trog
Uskayaw
Vehumet
Wu Jian
Xom
Yredelemnul
Zin
The Shining One
Beogh
Jiyva
Lugonu


Innate Abilities, Weirdness & Mutations

You are very small and have problems with some larger weapons.
You are too small for most types of armour.
You have supernaturally acute eyesight. (SInv)
You cover ground extremely quickly. (Speed+++)


Message History

The orc knight completely misses you.
You hit the orc knight.
The orc knight is lightly wounded.
The orc knight closely misses you.
You hit the orc knight but do no damage.
Lightning courses through the orc knight!
The orc knight is moderately wounded.
The orc no longer looks unusually strong.
The orc looks more healthy.
The orc knight roars a battlecry!
The orc goes into a battle-frenzy!
Throw: 3 darts (poison)
Press: ? - help, Q - select action, (/) - cycle Shift-Dir - straight line, f/p - orc knight
Aim: an orc knight, wielding a +0 battleaxe and wearing a +0 plate armour (moderately wounded, 67% to hit)
You throw a poisoned dart. The poisoned dart hits the orc knight.
The orc knight is poisoned.
The orc knight is moderately wounded.
The orc knight closely misses you.
Throw: 2 darts (poison)
Press: ? - help, Q - select action, (/) - cycle Shift-Dir - straight line, f/p - orc knight
Aim: an orc knight, wielding a +0 battleaxe and wearing a +0 plate armour (moderately wounded, poisoned, 67% to hit)
You throw a poisoned dart. The poisoned dart hits the orc knight.
The orc knight looks even sicker.
The orc knight is moderately wounded.
The orc priest calls down the wrath of Beogh upon you.
Beogh smites you!
You feel much better.
The orc knight hits you with a +0 battleaxe!!
Ouch! That really hurt!
* * * LOW HITPOINT WARNING * * *
You hit the orc knight but do no damage.
Lightning courses through the orc knight!!
The orc knight is severely wounded.
The orc knight barely misses you.
You hit the orc knight but do no damage.
The orc knight is severely wounded.
You recover from your berserk rage.
The orc knight hits you with a +0 battleaxe!
You die...
Your body crumbles into a pile of gold.

#.#[[#....)##.....
#(#).#####'#####'#
#.#))#.....##.....
#.#.)#.....##.....
#(#..###'####.....
#o##'#.....##...<.
#o#........##.....
#o#........##.....
#@###########.....
#)..)...#..#######
#.###...#.########
#.#.....#)#....#..
#.#...#.#'#....#..
#.....#.#.'....'..
#...###.#'#....#..
#......)'.#....#..
##################


You could see an orc knight (very poisoned), an orc priest (strong) and an orc
(strong).

Vanquished Creatures
  A bog body (D)
  A deep elf zephyrmancer (D)
  3 blink frogs (D)
  A floating eye (D)
  Duvessa (D)
  A sky beast (D)
  5 wolves (D)
  A kobold brigand (D)
  2 bullfrogs (D)
  A scorpion (D)
  Dowan (D)
  A crimson imp (D)
  A hound (D)
  2 orc wizards (D)
  2 gnolls (D)
  2 adders (D)
  4 ufetubi (D)
  3 orcs (D)
  A bat (D)
  A ball python (D)
  A kobold (D)
36 creatures vanquished.

Notes
Turn   | Place    | Note
-------+----------+-------------------------------------------
     0 | D        | styxcanada the Spriggan Brigand began the quest for the
                  | Orb.
     0 | D        | Reached XP level 1. HP: 10/10 MP: 2/2
    12 | D        | Reached skill level 6 in Stealth
    14 | D        | Found a bloodstained altar of Trog.
    14 | D        | Found a shimmering blue altar of Sif Muna.
    14 | D        | Found a viscous altar of Jiyva.
    14 | D        | Found a hazy altar of Hepliaklqana.
    14 | D        | Found an opulent altar of Gozag.
    15 | D        | Found a glowing golden altar of the Shining One.
    15 | D        | Found a glowing silver altar of Zin.
    15 | D        | Found a basalt altar of Yredelemnul.
    15 | D        | Found a shimmering altar of Xom.
    15 | D        | Found an ornate altar of the Wu Jian Council.
    15 | D        | Found a sacrificial altar of Ru.
    15 | D        | Found a stormy altar of Qazlal.
    15 | D        | Found an iron altar of Okawaru.
    15 | D        | Found a sparkling altar of Nemelex Xobeh.
    15 | D        | Found a burning altar of Makhleb.
    15 | D        | Found a blossoming altar of Fedhas.
    15 | D        | Found a white marble altar of Elyvilon.
    15 | D        | Found a shadowy altar of Dithmenos.
    15 | D        | Found a snail-covered altar of Cheibriados.
    16 | D        | Found a radiant altar of Vehumet.
    16 | D        | Found a corrupted altar of Lugonu.
    17 | D        | Found an ancient bone altar of Kikubaaqudgha.
    17 | D        | Found a hide-covered altar of Uskayaw.
    17 | D        | Found a broken altar of Ashenzari.
    19 | D        | Became a worshipper of Gozag Ym Sagoz the Greedy
    44 | D        | Noticed a scorpion
    63 | D        | Killed a scorpion
    64 | D        | Reached skill level 11 in Stealth
    64 | D        | Reached XP level 2. HP: 16/16 MP: 3/3
    64 | D        | Reached XP level 3. HP: 19/19 MP: 4/4
   398 | D        | Noticed a floating eye
   400 | D        | Reached XP level 4. HP: 23/23 MP: 5/5
   402 | D        | Killed a floating eye
   403 | D        | Reached skill level 14 in Stealth
   403 | D        | Reached XP level 5. HP: 28/28 MP: 6/6
   434 | D        | Reached skill level 5 in Dodging
   611 | D        | Noticed Dowan
   616 | D        | Noticed Duvessa
   617 | D        | Noticed a sky beast
   619 | D        | Reached skill level 15 in Stealth
   642 | D        | Killed Duvessa
   643 | D        | Reached skill level 16 in Stealth
   643 | D        | Reached XP level 6. HP: 33/33 MP: 7/7
   649 | D        | Killed a sky beast
   650 | D        | Reached skill level 17 in Stealth
   669 | D        | Killed Dowan
   670 | D        | Reached XP level 7. HP: 23/38 MP: 8/8
   804 | D        | Noticed a bog body
   806 | D        | Killed a bog body
   807 | D        | Reached skill level 5 in Fighting
   807 | D        | Reached skill level 5 in Short Blades
   807 | D        | Reached skill level 19 in Stealth
   807 | D        | Reached XP level 8. HP: 44/44 MP: 9/9
   941 | D        | Noticed a deep elf zephyrmancer
   941 | D        | Noticed a blink frog
   941 | D        | Noticed a blink frog
   941 | D        | Noticed a blink frog
   996 | D        | Killed a deep elf zephyrmancer
   997 | D        | Reached skill level 20 in Stealth
  1278 | D        | Killed a blink frog
  1316 | D        | Killed a blink frog
  1317 | D        | Reached skill level 5 in Throwing
  1317 | D        | Reached skill level 21 in Stealth
  1317 | D        | Reached XP level 9. HP: 32/49 MP: 10/10
  1879 | D        | Noticed an orc knight
  1990 | D        | Slain by an orc knight

Illustrated notes

Levels and vault maps discovered:
D:        pitsprint [storerooms_1, entrance_room_1, metal_vault_4, armoury_2,
          mini_pit_1, grid_room_1, main_hall_1, silver_pit, the_coven_3,
          the_vestibule_1, steel_vault_3, golden_pit, hallway_of_sentries,
          crystal_vault_1, iron_vault_4, final_vault]

Skill      XL: |  1  2  3  4  5  6  7  8  9 |
---------------+----------------------------+-----
Stealth        | 11 14 16 17 19 21 | 21.3
Fighting       | 2 3 4 5 6 7 |  7.3
Dodging        | 3 4 6 7 9 11 12 | 12.7
Short Blades   | 3 4 5 6 7 |  7.5
Throwing       | 3 4 5 6 |  6.1

Action                   |  1- 3 |  4- 6 |  7- 9 || total
-------------------------+-------+-------+-------++-------
Melee: Dagger            |    17 |    53 |   110 ||   180
       Rapier            |       |       |    32 ||    32
Throw: Dart              |     2 |     2 |    42 ||    46
  Use: Potion            |       |     1 |     6 ||     7
 Stab: Sleeping          |     2 |     2 |     3 ||     7
       Distracted        |       |     2 |     2 ||     4
Armor: Robe              |     1 |     6 |     4 ||    11
Dodge: Dodged            |    30 |    75 |   147 ||   252
